 Dungeon Crawl Stone Soup version 0.31-a0-185-g9dded2c639 (webtiles) character file.

Game seed: 12646834803585576732

74 qw the Shooter (level 4, -4/25 HPs)
             Began as a Deep Elf Hunter on June 22, 2023.
             Slain by a gnoll bouda
             ... wielding a +0 whip
              (8 damage)
             ... on level 2 of the Dungeon.
             The game lasted 00:00:23 (1030 turns).

qw the Shooter (Deep Elf Hunter)                    Turns: 1030, Time: 00:00:23

Health: -4/25      AC: 10    Str: 10    XL:     4   Next: 9%
Magic:  6/6        EV: 11    Int: 14    God:
Gold:   73         SH:  0    Dex: 18    Spells: 3/3 levels left

rFire   . . .        Y - +0 shortbow
rCold   . . .        (shield currently unavailable)
rNeg    . . .        l - +0 ring mail
rPois   .            (no helmet)
rElec   .            (no cloak)
rCorr   .            (no gloves)
SInv    .            m - +0 pair of boots {Fly}
Will    +....        (no amulet)
Stlth   +            d - +4 ring of protection
HPRegen 0.24/turn    j - ring of willpower
MPRegen 0.10/turn

%: no passive effects
@: weakened, flying
A: no striking features
a: no special abilities


You were on level 2 of the Dungeon.
You visited 1 branch of the dungeon, and saw 2 of its levels.

You collected 73 gold pieces.


   Skills:
 - Level 1.5 Fighting
 + Level 7.5 Ranged Weapons
 - Level 2.4 Dodging
 - Level 1.2 Stealth


You had 3 spell levels left.
You didn't know any spells.
Your spell library was empty.

Inventory:

Hand Weapons
 Y - a +0 shortbow (weapon)
Armour
 i - a +1 pair of boots
 l - a +0 ring mail (worn)
 m - a +0 pair of boots of flying (worn)
Jewellery
 d - a +4 ring of protection (left hand)
 j - a ring of willpower (right hand)
Scrolls
 a - a scroll of amnesia {unknown}
Potions
 b - a potion of berserk rage {unknown}
 e - a potion of attraction {unknown}
 f - a potion of curing {unknown}
 h - a potion of mutation {unknown}

Dungeon Overview and Level Annotations

Branches:
Dungeon (2/15)

Altars:


Message History

The gnoll is healed somewhat.
The gnoll closely misses you.
You shoot an arrow. The arrow hits the gnoll!
You kill the gnoll!
The gnoll bouda closely misses you. The goblin closely misses you.
The gnoll hits you but does no damage.
You have reached level 4!
You feel clever.
You shoot an arrow. The arrow hits the gnoll bouda.
The gnoll bouda is lightly wounded.
The gnoll bouda completely misses you. The goblin barely misses you.
The gnoll hits you but does no damage. The gnoll bouda closely misses you.
The goblin hits you but does no damage.
You shoot an arrow.
The arrow hits the gnoll bouda but does no damage.
The gnoll bouda is lightly wounded.
The gnoll barely misses you. The gnoll bouda barely misses you.
The goblin hits you with a +0 club.
The gnoll hits you from afar with a +0 spear.
You shoot an arrow.
The arrow barely misses the gnoll bouda.
The goblin hits you with a +0 club.
The gnoll bouda hits you with a +0 whip.
The gnoll hits you but does no damage.
You shoot an arrow.
The arrow closely misses the gnoll bouda.
The gnoll bouda gazes fiercely through you!
You feel your attacks grow feeble. The gnoll bouda misses you.
The goblin hits you but does no damage.
The gnoll hits you from afar with a +0 spear.
You shoot an arrow.
The arrow hits the gnoll bouda but does no damage.
The gnoll bouda is lightly wounded.
The gnoll bouda gazes fiercely through you!
You feel as though you will be weak longer.
The gnoll bouda hits you with a +0 whip.
The goblin hits you with a +0 club. The gnoll barely misses you.
You shoot an arrow.
The arrow hits the gnoll bouda but does no damage.
The gnoll bouda is lightly wounded.
The gnoll bouda hits you with a +0 whip!
You die...

[........#
.........#
.........#
.........#
.........#
.....)g..#
......g).#
......g@.########
...............>#
.........#####.##
######.### #..#
........####.##
.............#
........##..##
......#.....#
#...>...###.#


You could see a gnoll bouda, a gnoll (swift) and a goblin.

Vanquished Creatures
  2 gnolls (D:2)
  2 adders
  A worm (D:2)
  A dart slug (D:1)
  2 endoplasms (D:1)
  6 goblins (D:1)
  A hobgoblin (D:1)
  2 kobolds (D:1)
  7 ball pythons (D:1)
  5 bats
  A frilled lizard (D:1)
  3 rats
33 creatures vanquished.

Notes
Turn   | Place    | Note
-------+----------+-------------------------------------------
     0 | D:1      | qw the Deep Elf Hunter began the quest for the Orb.
     0 | D:1      | Reached XP level 1. HP: 12/12 MP: 3/3
     0 | D:1      | 0 ||| qw: Version: 0.3-a-9-g12657ce
     0 | D:1      | 0 ||| qw: Game counter: 1712
     0 | D:1      | 0 ||| qw: Always use a shield: true
     0 | D:1      | 0 ||| qw: God list: Okawaru
     0 | D:1      | 0 ||| qw: Allow faded altars: false
     0 | D:1      | 0 ||| qw: Do Orc after D:15 true
     0 | D:1      | 0 ||| qw: Do second Lair branch before Depths: true
     0 | D:1      | 0 ||| qw: Lair rune preference: random
     0 | D:1      | 0 ||| qw: Plans: Normal
     0 | D:1      | 0 ||| PLANNING D:1-11
   135 | D:1      | Reached XP level 2. HP: 16/16 MP: 4/4
   156 | D:1      | Reached skill level 6 in Ranged Weapons
   680 | D:1      | Reached XP level 3. HP: 20/20 MP: 5/5
   800 | D:1      | 800 ||| UPGRADING to +1 pair of boots.
   805 | D:1      | 805 ||| UPGRADING to +0 ring mail.
   815 | D:1      | 815 ||| DROPPING +0 leather armour.
   816 | D:1      | 816 ||| UPGRADING to +0 pair of boots of flying.
   826 | D:1      | 826 ||| UPGRADING to +4 ring of protection.
   827 | D:1      | 827 ||| UPGRADING to ring of willpower.
   828 | D:1      | 828 ||| READING scroll labelled WUAGIU GAOF.
   829 | D:1      | 829 ||| READING scroll labelled XUSEPN DOENLA.
   830 | D:1      | 830 ||| DROPPING scroll of butterflies.
   845 | D:2      | 845 ||| STAIRDANCE
   855 | D:1      | HP: 5/20 [poisoned by an adder]
   972 | D:2      | Reached skill level 7 in Ranged Weapons
  1025 | D:2      | Reached XP level 4. HP: 22/25 MP: 6/6
  1029 | D:2      | HP: 5/25 [gnoll bouda/+0 whip (2)]
  1030 | D:2      | Slain by a gnoll bouda

Levels and vault maps discovered:
D:1:      saegor_arrival_simple_a, layout_basic, feat_on_display
D:2:      layout_basic, serial_shops, shop, uniq_natasha

Skill      XL: |  1  2  3 |
---------------+----------+-----
Ranged Weapons | 6 7 |  7.5
Fighting       | |  1.5
Dodging        | |  2.4
Stealth        | |  1.2

Action                     |  1- 3 |  4- 6 || total
---------------------------+-------+-------++-------
   Fire: Shortbow          |    80 |     6 ||    86
    Use: Scroll            |     2 |       ||     2
 Armour: Leather armour    |     5 |       ||     5
         Ring mail         |     5 |     4 ||     9
  Dodge: Dodged            |    17 |     7 ||    24

Table legend:
 A = Non-vault XP
 B = Vault XP
 C = Vault XP percentage of total XP
 D = Non-vault monster count
 E = Vault monster count
 F = Vault count percentage of total count
                 A         B        C        D         E       F
            +---------+---------+-------+---------+---------+-------
      Total |     106 |       0 |   0.0 |      33 |       0 |   0.0
            +---------+---------+-------+---------+---------+-------
        D:1 |      56 |       0 |   0.0 |      27 |       0 |   0.0
        D:2 |      50 |       0 |   0.0 |       6 |       0 |   0.0
            +---------+---------+-------+---------+---------+-------
